 Dungeon Crawl Stone Soup version 0.32-a0-599-gba8f9cf90e (webtiles) character file.

Game seed: 606693816657895049

12672 NormalPerson7 the Grappler (level 11, -4/111 HPs)
             Began as a Troll Wanderer on Mar 3, 2024.
             Was an Elder of Wu Jian.
             Slain by a culicivora (6 damage)
             ... on level 2 of the Lair of Beasts.
             The game lasted 00:21:12 (9432 turns).

NormalPerson7 the Grappler (Troll Wanderer)         Turns: 9432, Time: 00:21:13

Health: -4/111     AC:  7    Str: 28    XL:     11   Next: 65%
Magic:  0/11       EV: 10    Int: 14    God:    Wu Jian [****..]
Gold:   888        SH:  0    Dex:  7    Spells: 11/12 levels left

rFire   . .          .
                       - Unarmed
rCold   . . .        (no shield)
rNeg    + . .        x - +0 steam dragon scales
rPois   .            (helmet restricted)
rElec   .            (no cloak)
rCorr   +            (gloves unavailable)
SInv    .            (boots unavailable)
Will    +....        y - amulet of guardian spirit
Stlth   +            W - ring of willpower
HPRegen 1.18/turn    o - ring of Xanebes {rN+ rCorr Str+3 Int+3}
MPRegen 0.12/turn

%: guardian spirit
@: about to teleport
A: large, unfitting armour, claws 3, regeneration 1, shaggy fur 1, tough skin 1
a: Renounce Religion, Wall Jump, Serpent's Lash


You were on level 2 of the Lair of Beasts.
You worshipped Wu Jian.
Wu Jian was greatly pleased with you.
You visited 3 branches of the dungeon, and saw 14 of its levels.
You also visited: Ossuary.

You collected 930 gold pieces.
You spent 42 gold pieces at shops.

Inventory:

Missiles
 a - 11 boomerangs (quivered)
 n - 17 poisoned darts
 B - 7 curare-tipped darts
Armour
 x - +0 steam dragon scales (worn)
Jewellery
 o - the ring of Xanebes (right claw) {rN+ rCorr Str+3 Int+3}
   (You found it on level 5 of the Dungeon)

   [ring of positive energy]

   Str+3:     It affects your strength (+3).
   Int+3:     It affects your intelligence (+3).
   rN+:       It protects you from negative energy.
   rCorr:     It protects you from acid and corrosion.
 y - an amulet of guardian spirit (around neck)
 W - a ring of willpower (left claw)
Wands
 s - a wand of digging (3)
 A - a wand of flame (16)
 C - a wand of iceblast (13)
Scrolls
 d - 5 scrolls of fear
 e - a scroll of fog {unknown}
 j - 3 scrolls of poison
 k - 3 scrolls of vulnerability
 m - a scroll of enchant armour {unknown}
 q - 4 scrolls of revelation
 t - 2 scrolls of teleportation
 v - a scroll of silence {unknown}
 w - a scroll of torment {unknown}
 D - a scroll of blinking {unknown}
 F - 2 scrolls of amnesia {unknown}
Potions
 b - 3 potions of attraction
 c - 3 potions of curing
 f - 3 potions of haste
 g - 2 potions of brilliance
 h - 2 potions of might
 i - a potion of lignification {unknown}
 l - a potion of berserk rage {unknown}
 p - 2 potions of resistance
 u - 2 potions of heal wounds {unknown}
 z - 3 potions of ambrosia
 E - a potion of invisibility
 G - a potion of magic {unknown}
 H - a potion of cancellation {unknown}


   Skills:
 - Level 8.0 Fighting
 - Level 6.3 Dodging
 + Level 14.2 Unarmed Combat
 - Level 1.0 Spellcasting
 - Level 1.3 Summonings
 - Level 2.4 Necromancy
 - Level 3.0 Evocations


You had 11 spell levels left.
You knew the following spells:

 Your Spells              Type           Power      Damage    Failure   Level
a - Kiss of Death         Conj/Necr      16%        2d6       16%         1

Your spell library contained the following spells:

 Spells                   Type           Power      Damage    Failure   Level
 Summon Small Mammal      Summ           16%        N/A       16%         1
 Sublimation of Blood     Necr           7%         N/A       16%         2
 Call Imp                 Summ           8%         N/A       22%         2
 Vampiric Draining        Necr           7%         2d6       30%         3
 Animate Dead             Necr           7%         N/A       69%         4
 Animate Armour           Summ/Erth      4%         N/A       89%         4
 Summon Blazeheart Golem  Fire/Summ      2%         N/A       89%         4
 Haunt                    Necr/Summ      3%         N/A       100%        7
 Summon Hydra             Summ           2%         N/A       100%        7
 Infestation              Necr           3%         N/A       100%        8


Dungeon Overview and Level Annotations

Branches:
Dungeon (11/15)            Temple (1/1) D:5            Lair (2/5) D:9
Ossuary (visited)
  Swamp: Lair:2-3    Shoals: Lair:2-3     Snake: Lair:2-3    Spider: Lair:2-3
    Orc: D:9-12

Altars:
Ashenzari
Cheibriados
Dithmenos
Elyvilon
Fedhas
Gozag
Hepliaklqana
Kikubaaqudgha
Makhleb
Nemelex Xobeh
Okawaru
Qazlal
Ru
Sif Muna
Trog
Uskayaw
Vehumet
Wu Jian
Xom
Yredelemnul
Zin
The Shining One

Shops:
D:2 *   D:8 :

Annotations:
D:3 2 transporters, hattey's ghost, amateur HuWn
D:11 Harold; Josephine


Innate Abilities, Weirdness & Mutations

You are too large for most types of armour.
You have claws for hands.
Your natural rate of healing is unusually fast.
You are covered in fur. (AC +1)
You have tough skin. (AC +1)


Message History

The culicivora is heavily wounded.
The culicivora bites you.
The culicivora draws strength from your injuries!
You claw the culicivora!
The culicivora is almost dead.
The culicivora closely misses you.
You closely miss the culicivora.
The culicivora is almost dead.
The culicivora bites you!!
The culicivora draws strength from your injuries!
Unknown command.
Unknown command.
The culicivora chitters at the culicivora.
The culicivora is healed somewhat.
Press: ? - help, v - describe, . - travel
Here: a culicivora (moderately wounded)
The floor.
Unknown command.
Unknown command.
As you read the scroll of teleportation, it crumbles to dust.
You feel strangely unstable.
Unknown command.
Unknown command.
The culicivora chitters at the culicivora.
The culicivora is healed somewhat.
The culicivora attacks as it pursues you!
The culicivora barely misses you. The culicivora closely misses you.
The culicivora attacks as it pursues you!
The culicivora bites you!
The culicivora draws strength from your injuries!
The culicivora attacks as it pursues you!
The culicivora bites you!!
* * * LOW HITPOINT WARNING * * *
The culicivora draws strength from your injuries!
The culicivora attacks as it pursues you!
The culicivora barely misses you. The culicivora bites you!!
* * * LOW HITPOINT WARNING * * *
The culicivora draws strength from your injuries!
The culicivora bites you!
You die...

≈≈≈ ♣......P..#....#.......###..#
~PPP♣♣....P......######....†#...P
~~~~~....###..#..## ##........##
~PP~##..># ###..#.# ##..##.....##
~P~~#....#####...####...##.....#.
~~~~....###.##...#.#..###........
~~~~...#.#..#.....##..# ###.#....
~.~~P................####..###...
......##..PP..P.@s..#..###.# #...
......#P..##..#.#s........####...
......##.####...##..........###..
...###..## #...####..######.# P..
... #.. .....# #.## ### #.. ..P
......# #...# ... ..........#...
.........# ##... ..#.## #..†#


You could see 2 culicivoras.

Vanquished Creatures
  A two-headed ogre (D:10)
  Sonja (D:11)
  Pikel (D:7)
  A manticore (D:8)
  Joseph (D:8)
  A torpor snail (Lair:1)
  A black mamba (Lair:1)
  An unseen horror (D:10)
  A cane toad (Lair:1)
  2 komodo dragons
  Prince Ribbit (D:7)
  2 trolls (D:10)
  A polar bear (Lair:1)
  3 wraiths (D:10)
  A shadow (D:10)
  8 yaks (Lair:1)
  Grum (Lair:1)
  A wyvern (D:11)
  3 steam dragons
  An acid dragon (D:8)
  2 water moccasins
  4 orc warriors
  3 sky beasts (D:7)
  A black bear (D:4)
  2 ice beasts (D:8)
  2 ogres (D:5)
  10 wolves
  4 lemures (D:7)
  4 centaurs
  5 kobold brigands
  3 bullfrogs
  5 scorpions
  8 wights
  12 killer bees
  A howler monkey (D:11)
  6 hounds
  A jelly (D:6)
  7 orc priests
  A gnoll bouda (D:8)
  2 iguanas (D:6)
  Terence (D:3)
  4 sleepcaps
  7 orc wizards
  9 mummies
  Robin (D:2)
  9 gnolls
  8 adders
  2 white imps
  2 dart slugs (D:1)
  5 ribbon worms
  29 orcs
  7 endoplasms
  6 giant cockroaches
  A gnoll zombie (Ossuary)
  16 goblins
  4 hobgoblins (D:2)
  13 jackals
  2 quokkas
  5 ball pythons
  7 bats
  5 frilled lizards
  5 hobgoblin zombies (Ossuary)
  36 kobolds
  A kobold zombie (Ossuary)
  An orc zombie (Ossuary)
  A rat (D:3)
303 creatures vanquished.

Notes
Turn   | Place    | Note
-------+----------+-------------------------------------------
     0 | D:1      | NormalPerson7 the Troll Wanderer began the quest for the
                  | Orb.
     0 | D:1      | NormalPerson7 set off with the following items: a +0 club,
                  | a +0 robe, a scroll of teleportation; and the following
                  | spells available to memorise: Summon Small Mammal, Kiss of
                  | Death, Vampiric Draining, Animate Armour, Summon Blazeheart
                  | Golem.
     0 | D:1      | Reached XP level 1. HP: 16/16 MP: 1/1
     3 | D:1      | Learned a level 1 spell: Kiss of Death
    29 | D:1      | Reached skill level 1 in Unarmed Combat
   116 | D:1      | Reached XP level 2. HP: 24/24 MP: 2/2
   486 | D:1      | Reached skill level 2 in Unarmed Combat
   670 | D:1      | Reached XP level 3. HP: 31/31 MP: 3/3
   705 | D:2      | Found Qeosuish's General Store.
   834 | D:2      | Found a faded altar of an unknown god.
   923 | D:2      | Noticed Robin
  1035 | D:2      | Bought a potion of curing for 42 gold pieces
  1074 | D:2      | Found a glowing golden altar of the Shining One.
  1281 | D:2      | Reached skill level 3 in Unarmed Combat
  1281 | D:2      | Reached XP level 4. HP: 37/37 MP: 4/4
  1292 | D:2      | Killed Robin
  1532 | D:3      | Noticed Terence
  1548 | D:3      | Killed Terence
  1596 | D:3      | Found an opulent altar of Gozag.
  1609 | D:3      | Found a blossoming altar of Fedhas.
  1624 | D:3      | Reached XP level 5. HP: 38/45 MP: 5/5
  1781 | D:3      | Found a shimmering altar of Xom.
  2107 | D:3      | Noticed hattey's ghost (amateur HuWn)
  2174 | D:3      | Found a transporter.
  2176 | D:3      | Found a transporter.
  2283 | D:4      | Reached skill level 4 in Unarmed Combat
  2352 | D:4      | Reached XP level 6. HP: 52/53 MP: 6/6
  2491 | D:4      | Reached skill level 5 in Unarmed Combat
  2726 | D:5      | Entered Level 5 of the Dungeon
  2825 | D:5      | Reached XP level 7. HP: 38/59 MP: 7/7
  2865 | D:5      | Reached skill level 5 in Dodging
  2865 | D:5      | Reached skill level 6 in Unarmed Combat
  2947 | D:5      | Found a staircase to the Ecumenical Temple.
  2953 | Temple   | Entered the Ecumenical Temple
  2961 | Temple   | Became a worshipper of the Wu Jian Council
  3002 | D:5      | Identified the ring of Xanebes {rN+ rCorr Str+3 Int+3}
  3075 | D:5      | Found a hide-covered altar of Uskayaw.
  3191 | D:5      | Found a broken altar of Ashenzari.
  3291 | D:5      | Reached skill level 7 in Unarmed Combat
  3693 | D:6      | Reached XP level 8. HP: 54/67 MP: 8/8
  3845 | D:5      | Reached skill level 8 in Unarmed Combat
  3894 | D:6      | Reached * piety under Wu Jian
  4279 | D:6      | Reached skill level 9 in Unarmed Combat
  4386 | D:6      | Reached skill level 1 in Fighting
  4458 | D:7      | Found a sand-covered staircase.
  4478 | Ossuary  | Entered an ossuary
  4568 | Ossuary  | Reached XP level 9. HP: 76/76 MP: 9/9
  4901 | D:6      | Reached skill level 10 in Unarmed Combat
  5057 | D:7      | Reached ** piety under Wu Jian
  5172 | D:7      | Noticed Prince Ribbit
  5202 | D:7      | Killed Prince Ribbit
  5290 | D:7      | Reached skill level 5 in Fighting
  5308 | D:7      | Noticed Pikel
  5343 | D:7      | Killed Pikel
  5729 | D:8      | Reached skill level 1 in Evocations
  5752 | D:8      | Found Seudamuj's Book Emporium.
  5809 | D:8      | Reached XP level 10. HP: 98/98 MP: 10/10
  5815 | D:8      | Noticed Joseph
  5826 | D:8      | Killed Joseph
  5884 | D:8      | You fall into a shaft and drop 2 floors!
  5884 | D:10     | Entered Level 10 of the Dungeon
  6149 | D:9      | Reached *** piety under Wu Jian
  6243 | D:9      | Found a bloodstained altar of Trog.
  6399 | D:8      | Noticed a manticore
  6415 | D:8      | Killed a manticore
  6415 | D:8      | Reached skill level 11 in Unarmed Combat
  7019 | D:9      | Found a staircase to the Lair.
  7164 | D:9      | Reached skill level 12 in Unarmed Combat
  7506 | D:10     | Noticed a two-headed ogre
  7520 | D:10     | Killed a two-headed ogre
  7961 | D:10     | Reached XP level 11. HP: 101/110 MP: 8/11
  8155 | D:11     | Reached **** piety under Wu Jian
  8315 | D:11     | Noticed Sonja
  8341 | D:11     | Killed Sonja
  8481 | D:11     | Noticed Harold
  8481 | D:11     | Noticed Josephine
  8542 | Lair:1   | Entered Level 1 of the Lair of Beasts
  8545 | Lair:1   | Noticed Grum
  8584 | Lair:1   | Killed Grum
  8675 | Lair:1   | Identified the +9 long sword of Experimentation {flame, rC+
                  | rN+ Int+4}
  8860 | Lair:1   | Reached skill level 13 in Unarmed Combat
  9293 | Lair:1   | Reached skill level 14 in Unarmed Combat
  9308 | Lair:1   | You fall into a shaft and drop 1 floor!
  9432 | Lair:2   | HP: 2/111 [culicivora (21)]
  9432 | Lair:2   | Slain by a culicivora

Illustrated notes

Levels and vault maps discovered:
D:1:      psy_arrival_statuary, layout_loops_cross
D:2:      layout_basic, serial_shops, shop, basic_altar,
          chequers_ecumenical_altar_simple_redux, uniq_robin
D:3:      layout_basic, mainiacjoe_overflow_big_doors,
          regret_index_xom_buried_treasure, gammafunk_ghost_gnarly_gnolls,
          uniq_terence
D:4:      layout_rooms
D:5:      layout_loops_ring, evilmike_ruin_ashenzari,
          mainiacjoe_overflow_brackets, temple_green, kennysheep_donut
D:6:      layout_loops_ring
D:7:      layout_basic, gup_ossuary_entry_pyramid, grunt_ministairs_13,
          uniq_pikel, uniq_prince_ribbit1
D:8:      layout_loops_cross, serial_shops, shop, uniq_joseph
D:9:      layout_roguey, lemuel_tele_altar, dpeg_oklobed_lair
D:10:     layout_roguey, corexii_hall_statues_t
D:11:     layout_roguey, hangedman_minor_magic, uniq_harold, uniq_sonja,
          uniq_josephine
Temple:   lightli_temple_of_artemis
Lair:1:   layout_cave_pods, serial_bayou_shore_b, uniq_grum
Lair:2:   layout_layer_cave, hellmonk_spider_entry_life_and_decay,
          serial_bayou_crossing, serial_bayou_shore_b, serial_bayou_shore_a,
          uniq_gastronok

Skill      XL: |  1  2  3  4  5  6  7  8  9 10 11 |
---------------+----------------------------------+-----
Unarmed Combat | 1 2 3 4 5 7 9 10 12 14 | 14.2
Dodging        | 4 5 6 |  6.3
Fighting       | 1 6 7 8 |  8.0
Evocations     | 1 3 |  3.0
Spellcasting   | |  1.0
Summonings     | |  1.3
Necromancy     | |  2.4

Action                     |  1- 3 |  4- 6 |  7- 9 | 10-12 || total
---------------------------+-------+-------+-------+-------++-------
  Melee: Unarmed           |   150 |   180 |   328 |   334 ||   992
         Punch             |     1 |       |     8 |    18 ||    27
  Throw: Boomerang         |     2 |     2 |       |       ||     4
   Cast: Kiss of Death     |     1 |       |       |       ||     1
 Invoke: Serpent's Lash    |       |       |       |     4 ||     4
Ability: Lunge             |       |       |    30 |    27 ||    57
         Whirlwind         |       |       |    24 |    16 ||    40
  Evoke: Wand              |       |       |       |     5 ||     5
    Use: Scroll            |       |     3 |     4 |     8 ||    15
         Potion            |       |     1 |     4 |     3 ||     8
   Stab: Invisible         |       |     1 |     3 |       ||     4
 Armour: Robe              |    91 |   113 |    80 |       ||   284
         Steam dragon scal |       |       |    90 |   260 ||   350
  Dodge: Dodged            |    74 |    79 |   141 |   141 ||   435

Table legend: (Time is in decaauts)
 A = Elapsed time spent in this place.
 B = Non-inter-level travel time spent in this place.
 C = Inter-level travel time spent in this place.
 D = Time resting spent in this place.
 E = Time spent auto-exploring this place.
 F = Levels seen in this place.
 G = Mean time per level.
                   A        B        C        D        E       F      G
               +--------+--------+--------+--------+--------+-----+--------+
         Total |   9345 |   8911 |    434 |    915 |   5627 |  15 |  623.0 |
       Dungeon |   8259 |   7840 |    419 |    642 |   5161 |  11 |  750.8 |
        Temple |     16 |      2 |     14 |      0 |      0 |   1 |   16.0 |
          Lair |    853 |    853 |      0 |    260 |    371 |   2 |  426.5 |
       Ossuary |    215 |    215 |      0 |     13 |     95 |   1 |  215.0 |
               +--------+--------+--------+--------+--------+-----+--------+

Top non-repeatable levels by time:
     D:7: 1051 daAuts
     D:6: 933 daAuts
    D:10: 875 daAuts
     D:9: 795 daAuts
     D:3: 787 daAuts
     D:1: 765 daAuts
     D:8: 754 daAuts
     D:5: 734 daAuts
  Lair:1: 732 daAuts
     D:2: 675 daAuts
     D:4: 481 daAuts
    D:11: 405 daAuts
 Ossuary: 215 daAuts
  Lair:2: 121 daAuts
  Temple: 16 daAuts
